 Dungeon Crawl Stone Soup version 0.22-a0-614-g34fbaa0 (webtiles) character file.

95 Dfrag the Firebug (level 4, -5/36 HPs)
             Began as a Naga Fire Elementalist on July 14, 2018.
             Slain by an ogre
             ... wielding a +0 giant club
              (28 damage)
             ... on level 3 of the Dungeon.
             The game lasted 00:03:58 (1263 turns).

Dfrag the Firebug (Naga Fire Elementalist)          Turns: 1263, Time: 00:03:59

Health: -5/36      AC:  3    Str: 10    XL:     4   Next: 65%
Magic:  1/8        EV: 10    Int: 16    God:
Gold:   48         SH:  0    Dex: 12    Spells: 1/9 levels left

rFire    . . .     SeeInvis +   (no weapon)
rCold    . . .     Gourm    .   (no shield)
rNeg     . . .     Faith    .   a - +0 robe
rPois    +         Spirit   .   h - +0 helmet
rElec    .         Reflect  .   (no cloak)
rCorr    .         Harm     .   (no gloves)
MR       .....                  (no barding)
Stlth    ++........             (no amulet)
HPRegen  0.12/turn              (no ring)
MPRegen  0.11/turn              (no ring)

@: very slightly contaminated, very slow
A: large, see invisible, deformed body, poison resistance, slowness 2, slow
metabolism 1, spit poison 1, AC +1
a: Spit Poison


You were on level 3 of the Dungeon.
You were not hungry.

You visited 1 branch of the dungeon, and saw 3 of its levels.

You collected 48 gold pieces.

Inventory:

Armour
 a - a +0 robe (worn)
 h - a +0 helmet (worn)
Scrolls
 d - a scroll of magic mapping {unknown}
 e - a scroll of identify {unknown}
 f - a scroll of fog {unknown}
 g - 3 scrolls of teleportation {unknown}
 k - 2 scrolls of remove curse {unknown}
 l - a scroll of random uselessness {unknown}
Potions
 b - 2 potions of lignification {unknown}
 i - a potion of curing {unknown}
 m - 2 potions of brilliance {unknown}
Comestibles
 c - 3 rations
 j - 4 chunks of flesh


   Skills:
 - Level 1.5 Dodging
 - Level 3.0 Stealth
 + Level 3.0 Spellcasting
 + Level 2.4 Conjurations
 + Level 3.9 Fire Magic


You had one spell level left.
You knew the following spells:

 Your Spells              Type           Power        Failure   Level  Hunger
a - Flame Tongue          Conj/Fire      ##...        4%          1    #......
b - Conjure Flame         Conj/Fire      ##......     16%         3    ###....
c - Sticky Flame          Conj/Fire      ##......     45%         4    #####..

Your spell library contained the following spells:

 Spells                   Type           Power        Failure   Level  Hunger
 Fireball                 Conj/Fire      ##........   80%         5    ######.
 Throw Flame              Conj/Fire      ##....       8%          2    ##.....
 Inner Flame              Hex/Fire       #.......     26%         3    ###....


Dungeon Overview and Level Annotations

Branches:
Dungeon (3/15)

Altars:


Innate Abilities, Weirdness & Mutations

You cannot wear boots.
Your serpentine skin is tough. (AC +1)
You have supernaturally acute eyesight. (SInv)
Armour fits poorly on your strangely shaped body.
Your system is resistant to poisons. (rPois)
You cover ground very slowly.
You have a slow metabolism.
You can spit poison.


Message History

You are momentarily dazzled by a flash of light!
The goblin hits you with a club. The ogre hits you with a giant club!
Unknown command.
Press: ? - help, Shift-Dir - straight line, f/p - ogre
Aim: an ogre, wielding a giant club The splash of poison hits the ogre.
The ogre is poisoned.
The ogre is moderately wounded.
You feel slightly more hungry. The goblin hits you but does no damage.
The ogre barely misses you.
Unknown command.
The ogre closely misses you.
There is an escape hatch in the ceiling here.
Unknown command.
Unknown command.
Unknown command.
The goblin barely misses you.
You have got your breath back.
The ogre looks more healthy.
The ogre hits you with a giant club!!
Ouch! That really hurt!
You die...

.#..####.#.##..
..#...........##
#..............
#!..........#####
#..............#
#...............
#......<........
.##....O..........
...###@#..........
#...#.#.)†....... .
#..............
..########)..........
.....................
..#.....###..#.......
#.....###..........
#..###...#..####..##
... ###.#..# ..#


You could see an ogre.

Vanquished Creatures
  2 adders (D:2)
  2 oozes (D:1)
  2 dart slugs (D:1)
  A leopard gecko (D:1)
  A ball python (D:2)
  3 bats
  2 giant cockroaches (D:2)
  4 goblins
  9 hobgoblins
  2 jackals (D:1)
  A quokka (D:2)
  3 frilled lizards
  9 kobolds
  24 rats
65 creatures vanquished.

Notes
Turn   | Place    | Note
-------+----------+-------------------------------------------
     0 | D:1      | Dfrag the Naga Fire Elementalist began the quest for the Orb.
     0 | D:1      | Reached XP level 1. HP: 15/15 MP: 3/3
    96 | D:1      | Reached XP level 2. HP: 4/22 MP: 1/5
   253 | D:1      | Reached XP level 3. HP: 21/28 MP: 6/6
   787 | D:2      | Reached XP level 4. HP: 36/36 MP: 8/8
   948 | D:2      | Learned a level 3 spell: Conjure Flame
   953 | D:2      | Learned a level 4 spell: Sticky Flame
  1254 | D:3      | Noticed an ogre
  1263 | D:3      | Slain by an ogre

Vault maps used:
D:1:      erik_arrival_gehennom
D:2:      minmay_rat_hole
D:3:      first_ration

Skill      XL: |  1  2  3  4 |
---------------+-------------+-----
Conjurations   | 2 |  2.4
Spellcasting   | 3 |  3.0
Dodging        | |  1.5
Stealth        | |  3.0
Fire Magic     | |  3.9

Action                   |  1- 3 |  4- 6 || total
-------------------------+-------+-------++-------
Melee: Unarmed           |     8 |    47 ||    55
 Cast: Flame Tongue      |    36 |    30 ||    66
 Abil: Spit Poison       |    21 |     7 ||    28
  Eat: Chunk             |       |     3 ||     3
Armor: Robe              |     5 |     8 ||    13
Dodge: Dodged            |    27 |    41 ||    68

Table legend:
 A = Spawn XP
 B = Non-spawn XP
 C = Spawn XP percentage of total XP
 D = Spawn monster count
 E = Non-spawn monster count
 F = Spawn count percentage of total count
 G = Total turns spent on level
                    A         B        C        D         E        F      G
               +---------+---------+-------+---------+---------+-------+---------
         Total |       0 |     136 |   0.0 |       0 |      65 |   0.0 |  1263
               +---------+---------+-------+---------+---------+-------+---------
           D:1 |       0 |      59 |   0.0 |       0 |      27 |   0.0 |   693
           D:2 |       0 |      67 |   0.0 |       0 |      33 |   0.0 |   533
           D:3 |       0 |      10 |   0.0 |       0 |       5 |   0.0 |    37
               +---------+---------+-------+---------+---------+-------+---------
